 Dungeon Crawl Stone Soup version 0.29-a0-483-g69413ace17 (webtiles) character file.

Game seed: 1243676552090691014

114 xian the Digger (level 4, -1/34 HPs)
             Began as a Draconian Earth Elementalist on May 25, 2022.
             Killed by nerve-wracking pain
             ... invoked by an orc priest
              (11 damage)
             ... on level 3 of the Dungeon.
             The game lasted 00:06:02 (3123 turns).

xian the Digger (Draconian Earth Elementalist)      Turns: 3123, Time: 00:06:02

Health: -1/34      AC:  5    Str: 11    XL:     4   Next: 66%
Magic:  1/7        EV:  8    Int: 17    God:
Gold:   87         SH: 15    Dex: 11    Spells: 6/7 levels left

rFire   . . .      SeeInvis .   n - +2 dagger (venom)
rCold   . . .      Faith    .   i - +0 tower shield
rNeg    . . .      Spirit   .   (body armour unavailable)
rPois   .          Reflect  +   (helmet restricted)
rElec   .          Harm     .   (no cloak)
rCorr   .          Rampage  .   (no gloves)
Will    .....                   (no boots)
Stlth   ++........              r - amulet of reflection
HPRegen 0.11/turn               (no ring)
MPRegen 0.10/turn               (no ring)

@: very slightly contaminated
A: AC +5, unfitting armour, cold-blooded
a: no special abilities


You were on level 3 of the Dungeon.
You visited 1 branch of the dungeon, and saw 3 of its levels.

You collected 87 gold pieces.

Inventory:

Hand Weapons
 n - a +2 dagger of venom (weapon)
Missiles
 a - 75 stones
 q - 6 poisoned darts
Armour
 i - a +0 tower shield (worn)
Jewellery
 r - an amulet of reflection (around neck)
Scrolls
 d - 2 scrolls of noise {unknown}
 g - a scroll of vulnerability {unknown}
 j - a scroll of teleportation {unknown}
 k - a scroll of fear {unknown}
 l - a scroll of fog {unknown}
 m - a scroll of enchant weapon {unknown}
 o - a scroll of poison {unknown}
 p - a scroll of silence {unknown}
Potions
 b - a potion of magic
 c - a potion of heal wounds {unknown}
 e - 3 potions of curing {unknown}
 f - a potion of haste {unknown}
 h - a potion of mutation {unknown}


   Skills:
 + Level 0.4 Fighting
 + Level 1.4 Short Blades
 + Level 2.6 Dodging
 + Level 2.2 Stealth
 + Level 1.2 Shields
 + Level 0.1 Unarmed Combat
 + Level 2.4 Spellcasting
 + Level 1.0 Transmutations
 + Level 3.6 Earth Magic


You had 6 spell levels left.
You knew the following spells:

 Your Spells              Type           Power      Damage    Failure   Level
a - Sandblast             Erth           28%        2d8       56%         1

Your spell library contained the following spells:

 Spells                   Type           Power      Damage    Failure   Level
 Passwall                 Tmut/Erth      7%         N/A       86%         2
 Stone Arrow              Conj/Erth      16%        3d8       99%         3
 Petrify                  Tmut/Erth      9%         N/A       100%        4


Dungeon Overview and Level Annotations

Branches:
Dungeon (3/15)

Altars:


Innate Abilities, Weirdness & Mutations

Your plain brown scales are hard. (AC +5)
You cannot fit into any form of body armour.
You are cold-blooded and may be slowed by cold attacks.


Message History

Aiming: Sandblast (safe; 56% risk of failure)
Press: ? - help, Q - select action, (/) - cycle Shift-Dir - straight line, f - orc wizard, p - orc priest
Aim: an orc wizard, wielding a +0 dagger and wearing a +0 robe (74% to hit)
The blast of sand misses the orc priest.
The blast of sand misses the orc wizard.
The orc priest barely misses you.
Aiming: Sandblast (safe; 56% risk of failure)
Press: ? - help, Q - select action, (/) - cycle Shift-Dir - straight line, f/p - orc wizard
Aim: an orc wizard, wielding a +0 dagger and wearing a +0 robe (74% to hit)
You miscast Sandblast.
Nothing appears to happen.
A hobgoblin comes into view.
The orc priest calls down the wrath of Beogh upon you.
Beogh smites you!
Aiming: Sandblast (safe; 56% risk of failure)
Press: ? - help, Q - select action, (/) - cycle Shift-Dir - straight line, f/p - orc wizard
Aim: an orc wizard, wielding a +0 dagger and wearing a +0 robe (74% to hit)
You miscast Sandblast.
Nothing appears to happen.
The orc priest hits you but does no damage.
Unknown command.
Aiming: Sandblast (safe; 56% risk of failure)
Press: ? - help, Q - select action, (/) - cycle Shift-Dir - straight line, f/p - orc wizard
Aim: an orc wizard, wielding a +0 dagger and wearing a +0 robe (74% to hit)
You miscast Sandblast.
Nothing appears to happen.
You block the hobgoblin's attack.
The orc priest hits you but does no damage.
The orc priest attacks as you move away!
The orc priest barely misses you. The hobgoblin attacks as you move away!
You block the hobgoblin's attack. The hobgoblin attacks as you move away!
The hobgoblin hits you.
The orc priest looks satisfied for a moment.
You hit the hobgoblin.
The hobgoblin is poisoned.
You tail-slap the hobgoblin.
The hobgoblin is almost dead.
You kill the hobgoblin!
The orc priest invokes the aid of Beogh against you.
Beogh smites you!
* * * LOW HITPOINT WARNING * * *
There is a stone staircase leading down here.
The orc priest calls down the wrath of Beogh upon you.
Pain shoots through your body!
You die...

#.# #.# . #.# #. #.# #..
## #.# ..# #.# ##.## ...
#.####...######
#.###oo.o..@.....#
#..#.####...####.#######
#.## ##.## #.......# #.#
#.# #######.# #o# #.#
#.#


#oo #.# #<# #.. ... #.# .... ..# #.# .... ### #.# You could see an orc priest,
an orc wizard and an orc.

Vanquished Creatures
  4 gnolls (D:2)
  2 adders (D:2)
  2 worms (D:2)
  3 dart slugs
  7 ball pythons
  An endoplasm (D:1)
  A giant cockroach (D:2)
  7 goblins
  2 hobgoblins
  3 jackals (D:2)
  3 kobolds
  3 bats
  2 frilled lizards (D:1)
  5 rats
45 creatures vanquished.

Notes
Turn   | Place    | Note
-------+----------+-------------------------------------------
     0 | D:1      | xian the Draconian Earth Elementalist began the quest for
                  | the Orb.
     0 | D:1      | Reached XP level 1. HP: 14/14 MP: 3/3
   401 | D:1      | Reached XP level 2. HP: 12/20 MP: 5/5
  1741 | D:2      | Reached XP level 3. HP: 23/26 MP: 4/6
  2267 | D:2      | Reached skill level 1 in Short Blades
  2599 | D:2      | Reached XP level 4. HP: 25/33 MP: 3/7
  2605 | D:2      | Reached skill level 1 in Shields
  3123 | D:3      | Killed from afar by an orc priest

Illustrated notes

Levels and vault maps discovered:
D:1:      psy_arrival_whirlpool, layout_loops_corners
D:2:      layout_basic, minmay_small_reverse_x
D:3:      layout_loops_ring, makhleb_altar_promises_db

Skill      XL: |  1  2  3  4 |
---------------+-------------+-----
Stealth        | 2 |  2.2
Dodging        | 2 |  2.6
Short Blades   | 1 |  1.4
Shields        | 1 |  1.2
Fighting       | |  0.4
Unarmed Combat | |  0.1
Spellcasting   | |  2.4
Transmutations | |  1.0
Earth Magic    | |  3.6

Action                   |  1- 3 |  4- 6 || total
-------------------------+-------+-------++-------
Melee: Dagger            |   152 |    19 ||   171
       Unarmed           |     9 |       ||     9
       Tailslap          |    19 |     6 ||    25
 Cast: Sandblast         |    11 |     4 ||    15
 Stab: Sleeping          |     3 |       ||     3
Armor: Skin              |    95 |     4 ||    99
Dodge: Dodged            |   100 |    11 ||   111
Block: Tower shield      |   101 |    11 ||   112

Table legend: (Time is in decaauts)
 A = Elapsed time spent in this place.
 B = Non-inter-level travel time spent in this place.
 C = Inter-level travel time spent in this place.
 D = Time resting spent in this place.
 E = Time spent auto-exploring this place.
 F = Levels seen in this place.
 G = Mean time per level.
                   A        B        C        D        E       F      G
               +--------+--------+--------+--------+--------+-----+--------+
         Total |   3181 |   3085 |     96 |    224 |   2270 |   3 | 1060.3 |
       Dungeon |   3181 |   3085 |     96 |    224 |   2270 |   3 | 1060.3 |
               +--------+--------+--------+--------+--------+-----+--------+

Top non-repeatable levels by time:
     D:2: 1577 daAuts
     D:1: 1553 daAuts
     D:3: 50 daAuts
